Map: Bel'Shir Vestige LE (Void)

Players

Wisperhunter

  • Race: Zerg Zerg
  • League: Gold
  • Spawn Location: 5:00

Fropez - Winner!

  • Race: Protoss Protoss
  • League: Gold
  • Spawn Location: 11:00

VOD

Have the link to the VOD?

Description

Time

  • Played on: Jan. 24, 2017, 6:58 p.m.
  • Length: 8:01
Show
View Real Time Build Order
Export as new Build Order

Wisperhunter Zerg 

Build Orders: Hatch First 

Get SALT Encoding   

  12  0:10  Overlord  
  12  0:14  Drone  
  13  0:18  Drone  
  14  0:28  Drone  
  14  0:34  Drone  
  16  0:52  Hatchery  
  16  0:53  Drone  
  16  0:57  Drone  
  17  1:12  Spawning Pool  
  17  1:15  Drone  
  17  1:20  Extractor, Drone  
  17  1:27  Drone  
  18  2:00  Zergling x6  
  21  2:05  Queen  
  21  2:06  Queen  
  25  2:12  Overlord  
  25  2:23  Drone  
  25  2:24  Metabolic Boost  
  27  2:30  Drone x2  
  27  2:32  Overlord  
  28  2:42  Zergling x4  
  30  2:48  Zergling x2  
  30  3:14  Zergling x2  
  30  3:15  Zergling x8  
  35  3:33  Zergling x8  
  35  3:34  Zergling x6  
  39  3:51  Drone  
  39  3:52  Drone  
  36  4:14  Baneling Nest  
  35  4:31  Hatchery  
  35  4:38  Drone x4  
  35  4:40  Overlord x2  
  36  5:03  Queen  
  38  5:07  Drone  
  38  5:08  Drone x5  
  44  5:25  Overlord x3  
  44  5:28  Zergling x2  
  44  5:29  Zergling x10  
  44  5:33  Baneling  
  44  5:34  Baneling x10  
  50  5:45  Zergling x2  
  50  5:46  Zergling x8  
  51  6:02  Zergling x2  
  51  6:03  Zergling x10  
  43  6:37  Extractor  
  41  6:43  Zergling x2  
  41  6:44  Zergling x10  
  47  6:50  Baneling x4  
  47  6:51  Baneling x6  
  47  6:59  Queen  
  49  7:05  Zergling x2  
  49  7:06  Zergling x10  
  54  7:19  Spine Crawler x2  
  48  7:37  Spine Crawler  
Show
View Real Time Build Order
Export as new Build Order

Fropez Protoss - Winner!

Build Orders: Nexus First 

Get SALT Encoding   

  12  0:00  Probe (Chrono Boost)  
  13  0:11  Probe (Chrono Boost)  
  14  0:25  Pylon  
  14  0:27  Probe (Chrono Boost)  
  15  0:44  Probe (Chrono Boost)  
  16  0:59  Probe (Chrono Boost)  
  16  1:03  Nexus  
  17  1:11  Gateway  
  17  1:17  Probe (Chrono Boost)  
  18  1:21  Assimilator  
  18  1:29  Gateway  
  18  1:36  Pylon  
  18  1:41  Probe (Chrono Boost)  
  19  1:48  Pylon  
  19  1:51  Probe (Chrono Boost)  
  20  1:59  Assimilator  
  20  2:03  Probe (Chrono Boost)  
  21  2:09  Cybernetics Core  
  21  2:14  Probe (Chrono Boost)  
  22  2:16  Zealot  
  22  2:20  Probe (Chrono Boost)  
  25  2:27  Probe (Chrono Boost)  
  26  2:33  Probe (Chrono Boost)  
  26  2:35  Warp Gate  
  27  2:37  Gateway  
  27  2:38  Probe (Chrono Boost)  
  28  2:45  Probe (Chrono Boost)  
  30  2:55  Probe (Chrono Boost)  
  30  2:57  Mothership Core (Chrono Boost)  
  32  2:59  Pylon  
  32  3:03  Adept  
  34  3:12  Adept  
  36  3:18  Probe (Chrono Boost)  
  36  3:19  Probe (Chrono Boost)  
  38  3:31  Adept  
  38  3:33  Probe (Chrono Boost)  
  42  3:35  Probe (Chrono Boost)  
  42  3:36  Assimilator  
  42  3:41  Pylon  
  42  3:47  Probe (Chrono Boost)  
  42  3:48  Pylon, Stalker  
  46  3:49  Probe (Chrono Boost)  
  46  3:51  Adept  
  48  3:58  Probe (Chrono Boost)  
  48  4:01  Probe (Chrono Boost)  
  46  4:08  Probe (Chrono Boost)  
  47  4:10  Twilight Council  
  47  4:13  Probe (Chrono Boost)  
  48  4:19  Probe (Chrono Boost)  
  48  4:23  Assimilator  
  50  4:25  Probe (Chrono Boost)  
  50  4:28  Pylon  
  50  4:29  Probe (Chrono Boost)  
  51  4:34  Resonating Glaives  
  51  4:37  Probe (Chrono Boost)  
  51  4:38  Adept x3  
  56  4:40  Probe (Chrono Boost)  
  59  4:49  Probe (Chrono Boost)  
  59  4:50  Probe (Chrono Boost)  
  59  4:52  Gateway  
  61  4:53  Gateway  
  62  5:01  Probe (Chrono Boost)  
  62  5:06  Adept x2  
  62  5:07  Adept  
  68  5:13  Probe (Chrono Boost)  
  70  5:15  Probe (Chrono Boost)  
  68  5:24  Robotics Facility  
  68  5:26  Pylon, Robotics Facility  
  68  5:35  Adept x3  
  72  6:08  Adept x3, Immortal x2  
  80  6:22  Pylon  
  78  6:29  Adept x2  
  78  6:30  Adept  
  80  6:43  Pylon  
  80  6:55  Immortal  
  80  6:56  Adept x5, Immortal  
  96  7:39  Adept x4  
  96  7:40  Adept  
Tags
 
Add a new tag
Caveats
  • Supply blocks, unpowered buildings, or Contaminate may cause inaccurate times.
  • Supply counts are checked every 10 seconds.